 Dungeon Crawl Stone Soup version 0.30.0-18-gc0e69614cb (webtiles) character file.

Game seed: 6858114876012873326

4696 JanusIIV the Markself (level 10, -2/59 HPs)
             Began as a Deep Elf Hunter on May 25, 2023.
             Was a Follower of Dithmenos.
             Slain by a killer bee (6 damage)
             ... on level 7 of the Dungeon.
             The game lasted 00:15:36 (6263 turns).

JanusIIV the Markself (Deep Elf Hunter)             Turns: 6263, Time: 00:15:38

Health: -2/59      AC:  9    Str:  8    XL:     10   Next: 21%
Magic:  12/12      EV: 16    Int: 15    God:    Dithmenos [*.....]
Gold:   245        SH:  0    Dex: 22    Spells: 7/9 levels left

rFire   . . .        L - +0 arbalest
rCold   . . .        (shield currently unavailable)
rNeg    + . .        c - +0 leather armour
rPois   .            (no helmet)
rElec   .            (no cloak)
rCorr   .            (no gloves)
SInv    .            m - +1 pair of boots
Will    +....        q - amulet of regeneration
Stlth   ++++         p - +4 ring of protection
HPRegen 1.09/turn    w - ring of positive energy
MPRegen 0.13/turn

%: no passive effects
@: lethally poisoned (-2 -> -6), wreathed by umbra
A: no striking features
a: Renounce Religion


You were on level 7 of the Dungeon.
You worshipped Dithmenos.
Dithmenos was aware of your devotion.
You visited 2 branches of the dungeon, and saw 8 of its levels.
You also visited: Sewer and Bailey.

You collected 373 gold pieces.
You spent 128 gold pieces at shops.

Inventory:

Hand Weapons
 a - a +1 shortbow of flaming
 E - a +2 short sword of electrocution
 L - a +0 arbalest (weapon)
Missiles
 A - 5 throwing nets
Armour
 c - a +0 leather armour (worn)
 m - a +1 pair of boots (worn)
 B - a +0 helmet
Jewellery
 f - an amulet of magic regeneration
 p - a +4 ring of protection (left hand)
 q - an amulet of regeneration (around neck)
 s - a ring of protection from cold
 t - a +6 ring of intelligence
 v - a ring of wizardry
 w - a ring of positive energy (right hand)
 y - a +6 ring of strength
 D - a ring of resist corrosion
 G - a ring of fire
 H - a ring of willpower
Wands
 k - a wand of digging (4)
 J - a wand of polymorph (5)
Scrolls
 b - 2 scrolls of immolation
 d - 3 scrolls of amnesia {unknown}
 g - 5 scrolls of identify
 l - a scroll of fog
 n - 2 scrolls of teleportation {unknown}
 o - 2 scrolls of enchant weapon
 K - a scroll of blinking
Potions
 e - 2 potions of haste {unknown}
 h - 2 potions of resistance
 i - 2 potions of ambrosia
 j - 3 potions of lignification
 r - 2 potions of flight {unknown}
 u - 3 potions of brilliance {unknown}
 x - 2 potions of curing
 z - 2 potions of might {unknown}
 C - a potion of invisibility {unknown}
 F - a potion of magic {unknown}
 I - a potion of cancellation {unknown}


   Skills:
 - Level 5.0 Fighting
 + Level 15.6 Ranged Weapons
 - Level 7.0 Dodging
 - Level 7.0 Stealth


You had 7 spell levels left.
You knew the following spells:

 Your Spells              Type           Power      Damage    Failure   Level
a - Blink                 Tloc           0%         N/A       52%         2

Your spell library contained the following spells:

 Spells                   Type           Power      Damage    Failure   Level
 Sandblast                Erth           0%         2d4       36%         1
 Passwall                 Tmut/Erth      0%         N/A       52%         2
 Frozen Ramparts          Ice            0%         1d1       75%         3
 Hailstorm                Conj/Ice       0%         3d3       75%         3
 Stone Arrow              Conj/Erth      0%         3d7       75%         3
 Ice Form                 Ice/Tmut       0%         N/A       98%         4
 Manifold Assault         Tloc           0%         N/A       98%         4
 Summon Ice Beast         Ice/Summ       0%         N/A       98%         4
 Simulacrum               Ice/Necr       0%         N/A       100%        6
 Storm Form               Tmut/Air       0%         N/A       100%        7


Dungeon Overview and Level Annotations

Branches:
Dungeon (7/15)             Temple (1/1) D:5           Sewer (visited)
 Bailey (visited)

Altars:
Ashenzari
Cheibriados
Dithmenos
Elyvilon
Fedhas
Gozag
Hepliaklqana
Kikubaaqudgha
Makhleb
Nemelex Xobeh
Qazlal
Ru
Sif Muna
Trog
Uskayaw
Vehumet
Wu Jian
Xom
Yredelemnul

Shops:
D:1 *   D:3 *!:??


Message History

You shoot a bolt. The bolt barely misses the killer bee.
You feel sick. The killer bee barely misses you.
The killer bee closely misses you.
You shoot a bolt. The bolt barely misses the killer bee.
You feel sick. The killer bee stings you.
You are more poisoned.
The killer bee poisons you! The killer bee stings you.
The killer bee barely misses you.
You shoot a bolt. The bolt hits the killer bee.
The killer bee is lightly wounded.
You feel very sick. The killer bee closely misses you.
The killer bee barely misses you.
You shoot a bolt. The bolt misses the killer bee.
You feel sick.
The killer bee stings you but does no damage. x2
The killer bee completely misses you.
You shoot a bolt. The bolt hits the killer bee!
The killer bee is almost dead.
You feel sick. The killer bee stings you!
You are more poisoned.
The killer bee poisons you! The killer bee misses you.
You are too injured to fight recklessly!
You are too injured to fight recklessly!
You shoot a bolt. The bolt closely misses the killer bee.
You feel very sick. The killer bee stings you.
The killer bee stings you but does no damage.
You shoot a bolt. The bolt barely misses the killer bee.
You feel very sick. The killer bee stings you.
* * * LOW HITPOINT WARNING * * *
You are more poisoned.
The killer bee poisons you! The killer bee stings you.
* * * LOW HITPOINT WARNING * * *
The killer bee completely misses you.
You shoot a bolt. The bolt closely misses the killer bee.
* * * LOW HITPOINT WARNING * * *
You feel very sick. The killer bee stings you.
* * * LOW HITPOINT WARNING * * *
The killer bee stings you.
You die...

... ... ### . # .... .. ##..#
##. ...# # ##### .... ##..# [#
...># ..... #...##..# ###.##
#.......###.## .... .....#
#.......y@..##..8.# ..#
.....###.......###..._♣... ..#
.............. #.##..8.# ..#
..[..###..... #.###[..# ..#
.......#.#.## #..###†.# ..#
.......#.#.########...##.##..#
................).....#.#.#..#
.......#..###########..###...#
......#...# ##.......#


You could see a killer bee.

Vanquished Creatures
  A two-headed ogre (Bailey)
  Sigmund (D:2)
  A wyvern (D:6)
  3 spriggans (Bailey)
  A steam dragon (Bailey)
  A water moccasin (D:5)
  A black bear (D:7)
  An orc warrior (D:7)
  Duvessa (D:6)
  2 sky beasts
  An ice beast (D:7)
  A centaur (D:6)
  8 ogres
  2 phantoms
  A gnoll sergeant (D:5)
  2 kobold brigands (D:5)
  A bullfrog (D:7)
  6 scorpions
  5 wights (D:7)
  2 killer bees (D:7)
  5 electric eels (D:7)
  A hound (D:6)
  A gnoll bouda (D:4)
  A sleepcap (D:5)
  3 iguanas
  A hell rat (Sewer)
  18 gnolls
  6 river rats (Sewer)
  9 adders
  5 white imps
  An ufetubus (D:7)
  5 worms
  4 dart slugs
  3 orcs
  3 ball pythons
  4 bats
  8 endoplasms
  7 giant cockroaches
  9 goblins
  8 hobgoblins
  3 jackals (D:1)
  3 quokkas
  2 frilled lizards
  17 kobolds
  10 rats
179 creatures vanquished.

Vanquished Creatures (collateral kills)
  Dowan (D:6)
1 creature vanquished.

Grand Total: 180 creatures vanquished

Notes
Turn   | Place    | Note
-------+----------+-------------------------------------------
     0 | D:1      | JanusIIV the Deep Elf Hunter began the quest for the Orb.
     0 | D:1      | Reached XP level 1. HP: 12/12 MP: 3/3
   114 | D:1      | Reached XP level 2. HP: 17/17 MP: 4/4
   250 | D:1      | Reached skill level 6 in Ranged Weapons
   251 | D:1      | Found Temonios's General Store.
   267 | D:1      | Reached XP level 3. HP: 21/21 MP: 5/5
  1068 | D:2      | Noticed Sigmund
  1076 | D:2      | Killed Sigmund
  1077 | D:2      | Reached skill level 7 in Ranged Weapons
  1077 | D:2      | Reached XP level 4. HP: 23/28 MP: 6/6
  1077 | D:2      | Reached XP level 5. HP: 27/32 MP: 7/7
  1635 | D:3      | Found a faded altar of an unknown god.
  1656 | D:3      | Found a glowing drain.
  1722 | Sewer    | Entered a sewer
  1749 | Sewer    | Reached XP level 6. HP: 38/38 MP: 8/8
  1952 | Sewer    | Reached skill level 8 in Ranged Weapons
  2033 | D:3      | Found Gielamuc's Book Emporium.
  2086 | D:3      | Found Ebby's Magic Scroll Boutique.
  2092 | D:3      | Found Aqeumm's Distillery.
  2096 | D:3      | Bought a scroll of identify for 26 gold pieces
  2096 | D:3      | Bought a scroll of fog for 52 gold pieces
  2104 | D:3      | Bought a potion of heal wounds for 50 gold pieces
  2234 | D:3      | Found Rak Ureul's Magic Scroll Boutique.
  2366 | D:3      | Found Tual's General Store.
  2789 | D:4      | Reached XP level 7. HP: 44/44 MP: 9/9
  3079 | D:4      | Reached skill level 9 in Ranged Weapons
  3177 | D:4      | Found a basalt altar of Yredelemnul.
  3206 | D:5      | Entered Level 5 of the Dungeon
  3533 | D:5      | Reached skill level 5 in Fighting
  3590 | D:5      | Found a staircase to the Ecumenical Temple.
  3602 | D:5      | Reached skill level 10 in Ranged Weapons
  3624 | Temple   | Entered the Ecumenical Temple
  3658 | Temple   | Became a worshipper of Dithmenos the Shadowed
  3980 | D:5      | Reached XP level 8. HP: 49/49 MP: 10/10
  4131 | D:5      | Found a snail-covered altar of Cheibriados.
  4466 | D:6      | Reached skill level 11 in Ranged Weapons
  4466 | D:6      | Reached skill level 5 in Dodging
  4665 | D:6      | Reached skill level 12 in Ranged Weapons
  4957 | D:6      | Noticed Dowan
  4958 | D:6      | Noticed Duvessa
  4974 | D:6      | Killed Duvessa
  4974 | D:6      | Reached * piety under Dithmenos
  4980 | D:6      | Reached XP level 9. HP: 54/54 MP: 11/11
  4981 | D:6      | Killed Dowan
  5522 | D:6      | Learned a level 2 spell: Blink
  5545 | D:7      | Reached skill level 5 in Stealth
  5558 | D:7      | Reached skill level 13 in Ranged Weapons
  5634 | D:7      | Found a flagged portal.
  5660 | Bailey   | Entered a bailey
  5679 | Bailey   | Reached skill level 14 in Ranged Weapons
  5807 | Bailey   | Noticed a two-headed ogre
  5889 | Bailey   | Killed a two-headed ogre
  5890 | Bailey   | Reached XP level 10. HP: 59/59 MP: 12/12
  5994 | D:7      | Reached skill level 15 in Ranged Weapons
  6184 | D:7      | Found a blossoming altar of Fedhas.
  6263 | D:7      | Slain by a killer bee

Illustrated notes

Levels and vault maps discovered:
D:1:      dpeg_arrival_ternary, layout_rooms, serial_shops, shop
D:2:      layout_basic, minmay_fountain_box, nicolae_figureground_sparkle,
          uniq_sigmund
D:3:      layout_rooms, ebering_ecumenical_altar_ruins, serial_shops, shop,
          nicolae_shop_waterfront, nicolae_shop_waterfront, shop_statue,
          nicolae_shop_just_a_little_nook, gup_sewer_entry_glass,
          nicolae_grassy_gnolls
D:4:      layout_basic, kennysheep_mini, minmay_between
D:5:      layout_basic, cheibrodos_worm_habitat, minmay_temple_entry_tees,
          serial_bayou, serial_bayou_pond_a, serial_bayou_ford_a,
          serial_bayou_pond_d, serial_bayou_crossing
D:6:      layout_layer_cave, kennysheep_generic_room_14, uniq_duvessa
D:7:      layout_basic, serial_bayou, serial_bayou_pond_a, serial_bayou_pond_c,
          serial_bayou_pond_b, serial_bayou_lake_a, enter_bailey_5, hex_large,
          minmay_ruined_shrine
Temple:   minmay_crystal_spiral_temple

Skill      XL: |  1  2  3  4  5  6  7  8  9 10 |
---------------+-------------------------------+-----
Fighting       | 2 3 4 5 |  5.0
Ranged Weapons | 6 7 8 10 12 14 15 | 15.6
Dodging        | 3 5 7 |  7.0
Stealth        | 4 6 7 |  7.0

Action                     |  1- 3 |  4- 6 |  7- 9 | 10-12 || total
---------------------------+-------+-------+-------+-------++-------
   Fire: Shortbow          |    97 |   166 |   281 |    39 ||   583
         Arbalest          |       |       |       |    26 ||    26
    Use: Potion            |       |     2 |     4 |       ||     6
         Scroll            |       |       |    17 |       ||    17
 Armour: Leather armour    |     9 |    18 |    28 |     8 ||    63
  Dodge: Dodged            |    22 |    46 |    53 |    23 ||   144
